 Dungeon Crawl Stone Soup version 0.27.1 (webtiles) character file.

Game seed: 10316349988191073024

5 nxtlvl the Skirmisher (level 1, -5/14 HPs)
             Began as a Tengu Abyssal Knight on Aug 29, 2021.
             Was an Initiate of Lugonu.
             Slain by a gnoll (8 damage)
             ... on level 2 of the Dungeon.
             The game lasted 00:02:44 (250 turns).

nxtlvl the Skirmisher (Tengu Abyssal Knight)         Turns: 250, Time: 00:02:45

Health: -5/14      AC:  3    Str: 12    XL:     1   Next: 80%
Magic:  3/3        EV: 11    Int: 12    God:    Lugonu [......]
Gold:   44         SH:  0    Dex: 13    Spells: 0/0 levels left

rFire    . . .     SeeInvis .   a - +1 spear
rCold    . . .     Faith    .   (no shield)
rNeg     . . .     Spirit   .   b - +0 leather armour
rPois    .         Reflect  .   (helmet restricted)
rElec    .         Harm     .   (no cloak)
rCorr    .         Rampage  .   (no gloves)
Will     .....                  (boots unavailable)
Stlth    +.........             (no amulet)
HPRegen  0.04/turn              (no ring)
MPRegen  0.08/turn              (no ring)

@: no status effects
A: beak, talons 3
a: Renounce Religion


You were on level 2 of the Dungeon.
You worshipped Lugonu.
Lugonu was noncommittal.
You visited 1 branch of the dungeon, and saw 2 of its levels.
You visited the Abyss 1 time.

You collected 44 gold pieces.

Inventory:

Hand Weapons
 a - a +1 spear (weapon)
Armour
 b - a +0 leather armour (worn)


   Skills:
 - Level 3.0 Fighting
 * Level 2.8 Polearms
 - Level 2.1 Armour
 - Level 1.1 Dodging
 - Level 1.5 Invocations


You couldn't memorise any spells.
You didn't know any spells.
Your spell library contained the following spells:

 Spells                   Type           Power      Damage    Failure   Level
 Ensorcelled Hibernation  Hex/Ice        0%         N/A       54%         2
 Spider Form              Tmut/Pois      0%         N/A       77%         3
 Shadow Creatures         Summ           N/A        N/A       100%        6


Dungeon Overview and Level Annotations

Branches:
Dungeon (2/15)

Altars:


Innate Abilities, Weirdness & Mutations

You have a beak for a mouth.
You have claws for feet.


Message History

The gnoll hits you from afar with a +0 spear.
Reach: a) +1 spear
Press: ? - help, Dir - move target, f/p - gnoll
Aim: a gnoll, wielding a +0 spear (lightly wounded, about 34% to evade your +1 spear)
You reach to attack!
You hit the gnoll.
The gnoll is moderately wounded.
The gnoll misses you.
Reach: a) +1 spear
Press: ? - help, Dir - move target, f/p - gnoll
Aim: a gnoll, wielding a +0 spear (moderately wounded, about 34% to evade your +1 spear)
You reach to attack!
You hit the gnoll.
The gnoll is severely wounded.
The gnoll hits you from afar with a +0 spear.
Reach: a) +1 spear
Press: ? - help, Dir - move target, f/p - gnoll
Aim: a gnoll, wielding a +0 spear (severely wounded, about 34% to evade your +1 spear)
You reach to attack!
You hit the gnoll but do no damage.
The gnoll is severely wounded.
The gnoll closely misses you.
Reach: a) +1 spear
Press: ? - help, Dir - move target, f/p - gnoll
Aim: a gnoll, wielding a +0 spear (severely wounded, about 34% to evade your +1 spear)
You reach to attack!
You barely miss the gnoll.
The gnoll is severely wounded.
The gnoll closely misses you.
Reach: a) +1 spear
Press: ? - help, Dir - move target, f/p - gnoll
Aim: a gnoll, wielding a +0 spear (severely wounded, about 34% to evade your +1 spear)
You reach to attack!
You barely miss the gnoll.
The gnoll is severely wounded.
The gnoll hits you from afar with a +0 spear.
* * * LOW HITPOINT WARNING * * *
Reach: a) +1 spear
Press: ? - help, Dir - move target, f/p - gnoll
Aim: a gnoll, wielding a +0 spear (severely wounded, about 34% to evade your +1 spear)
You reach to attack!
You hit the gnoll.
The gnoll is almost dead.
The gnoll hits you from afar with a +0 spear!
Ouch! That really hurt!
You die...

####...........
#..............
###.##....#.################
.....#.#.#......)..........#
###..#.#.##.##############.#
#..#.#.##.# #..........#
#..#.#.##.# #.##########
#..#.#.##.#####.#
#..#.#........@.#
#..#.#...#.##)#.# ###..#
#.#. #Jg#..# ..<..# ..#?##
#.# ####.# # #.. .# ... .#
#.## .# .# .#


You could see a gnoll and an endoplasm.

Vanquished Creatures
  2 goblins
  2 kobolds
  2 rats (D:1)
6 creatures vanquished.

Vanquished Creatures (others)
  A fungus (D:2)
1 creature vanquished.

Grand Total: 7 creatures vanquished

Notes
Turn   | Place    | Note
-------+----------+-------------------------------------------
     0 | Abyss:1  | nxtlvl the Tengu Abyssal Knight began the quest for the
                  | Orb.
     0 | Abyss:1  | Reached XP level 1. HP: 14/14 MP: 3/3
   111 | Abyss:2  | Noticed a small abomination
   124 | D:1      | Escaped the Abyss
   250 | D:2      | Slain by a gnoll

Illustrated notes

Levels and vault maps discovered:
D:1:      psy_arrival_whirlpool, layout_loops_ring, minmay_nonomino_d4
D:2:      layout_basic, shapermc_ecumenical_altar_mp_ritualfount,
          minmay_small_reverse_x

Action                   || total
-------------------------++-------
Melee: Spear             ||    24
       Kick              ||     4
Invok: Depart the Abyss  ||     1
Dodge: Dodged            ||    14
